 Dungeon Sprint DCSS version 0.30-a0-1163-gf69bf04e7a (webtiles) character file.

Game seed: 7220146422659288357

234 rocky1 the Magician (level 5, 0/42 HPs)
             Began as a Deep Elf Fire Elementalist on Apr 29, 2023.
             Was a Priest of Sif Muna.
             Slain by a gnoll
             ... wielding a +0 club
             ... led by a gnoll bouda
              (8 damage)
             ... in the Dungeon (Sprint VII: "The Pits").
             The game lasted 00:03:01 (647 turns).

rocky1 the Magician (Deep Elf Fire Elementalist)     Turns: 647, Time: 00:03:01

Health: 0/42       AC:  2    Str:  5    XL:     5   Next: 75%
Magic:  10/17      EV: 12    Int: 22    God:    Sif Muna [***...]
Gold:   0          SH:  0    Dex: 15    Spells: 6/19 levels left

rFire   . . .        l - +0 quarterstaff (speed)
rCold   . . .        (shield currently unavailable)
rNeg    . . .        a - +0 robe
rPois   .            (no helmet)
rElec   .            (no cloak)
rCorr   .            (no gloves)
SInv    .            (no boots)
Will    .....        (no amulet) Stlth
                     (no ring)
HPRegen 0.27/turn    (no ring)
MPRegen 0.15/turn

%: no teleportation
@: berserking (expiring), weakened, very quick
A: no striking features
a: Renounce Religion, Channel Magic, Forget Spell


You were in the Dungeon.
You worshipped Sif Muna.
Sif Muna was most pleased with you.
You visited 1 branch

Inventory:

Hand Weapons
 l - a +0 quarterstaff of speed (weapon)
Armour
 a - a +0 robe (worn)
Scrolls
 g - a scroll of blinking
 i - 5 scrolls of amnesia
 j - a scroll of butterflies
Potions
 b - 5 potions of magic
 c - 6 potions of curing
 d - 6 potions of heal wounds
 e - a potion of haste
 f - a potion of berserk rage
 h - 2 potions of invisibility


   Skills:
 - Level 2.4 Dodging
 - Level 2.4 Stealth
 + Level 7.6 Spellcasting
 + Level 5.8 Conjurations
 + Level 6.7 Fire Magic
 + Level 5.1 Air Magic
 + Level 5.6 Invocations


You had 6 spell levels left.
You knew the following spells:

 Your Spells              Type           Power      Damage    Failure   Level
a - Foxfire               Conj/Fire      100%       2x1d9     1%          1
b - Scorch                Fire           74%        2d8       1%          2
c - Inner Flame           Hex/Fire       23%        N/A       6%          3
d - Volatile Blastmotes   Fire/Tloc      46%        2d13      6%          3
e - Flame Wave            Conj/Fire      36%        2d10      6%          4

Your spell library contained the following spells:

 Spells                   Type           Power      Damage    Failure   Level


Dungeon Overview and Level Annotations

Branches:
Dungeon (1/1)

Altars:
Ashenzari
Cheibriados
Dithmenos
Elyvilon
Fedhas
Gozag
Hepliaklqana
Kikubaaqudgha
Makhleb
Nemelex Xobeh
Okawaru
Qazlal
Ru
Sif Muna
Trog
Uskayaw
Vehumet
Wu Jian
Xom
Yredelemnul
Zin
The Shining One
Jiyva
Lugonu


Message History

You feel yourself moving faster!
You feel mighty!
Your attacks no longer feel as feeble.
You feel a strong urge to attack something.
The iron imp hits you.
Things that are here:
a +0 whip; a hound corpse; a gnoll corpse You sock the iron imp!
The iron imp is heavily wounded.
You barely miss the iron imp.
The iron imp is heavily wounded.
The iron imp hits you.
You hit the iron imp but do no damage.
The iron imp is heavily wounded.
You thump the iron imp!
You kill the iron imp!
Sif Muna accepts your kill.
You closely miss the gnoll bouda. You sock the gnoll bouda!
The gnoll bouda is heavily wounded.
The gnoll bouda gazes fiercely through you!
You feel your attacks grow feeble. The gnoll bouda barely misses you.
The white imp shouts!
You sock the gnoll bouda!
The gnoll bouda is almost dead.
You sock the gnoll bouda!
You kill the gnoll bouda!
Sif Muna accepts your kill.
Your Air Magic skill increases to level 5!
Unknown command.
The gnoll hits you with a +0 club.
* * * LOW HITPOINT WARNING * * *
There is an open door to the Storerooms (Easy), spattered with blood here.
Things that are here:
a +0 whip; a +0 leather armour; a gnoll corpse You closely miss the gnoll.
The gnoll hits you with a +0 club.
* * * LOW HITPOINT WARNING * * *
You barely miss the gnoll. You closely miss the gnoll.
The gnoll hits you with a +0 club!
You die...

########### _________.#
_________.#
_______...###########++
##########'##...........
#.?(.')))'.##......#..#.
##########.##...........
#.)..g.Y.5.g@)..........
#'#####'#####......#..#.
#.#...#)#[[##...........
#g#...#.#))#####'#####++
#.#...÷.#).##.......#
#h##'####))##.......#
#.#..†..#..##.......#
#5#.....#'###...<...#
#.#........##.......#


You could see an ice beast, 2 gnolls and a white imp.

Vanquished Creatures
  A floating eye (D)
  A hound (D)
  A gnoll bouda (D)
  2 iron imps (D)
  A gnoll (D)
  An orc (D)
  A bat (D)
  An endoplasm (D)
  2 giant cockroaches (D)
  A kobold (D)
  A frilled lizard (D)
13 creatures vanquished.

Vanquished Creatures (others)
  30 foxfires (D)
30 creatures vanquished.

Grand Total: 43 creatures vanquished

Notes
Turn   | Place    | Note
-------+----------+-------------------------------------------
     0 | D        | rocky1 the Deep Elf Fire Elementalist began the quest for
                  | the Orb.
     0 | D        | Reached XP level 1. HP: 10/10 MP: 6/6
    27 | D        | Found a bloodstained altar of Trog.
    27 | D        | Found a shimmering blue altar of Sif Muna.
    27 | D        | Found a viscous altar of Jiyva.
    27 | D        | Found a hazy altar of Hepliaklqana.
    27 | D        | Found an opulent altar of Gozag.
    28 | D        | Found a glowing golden altar of the Shining One.
    28 | D        | Found a glowing silver altar of Zin.
    28 | D        | Found a basalt altar of Yredelemnul.
    28 | D        | Found a shimmering altar of Xom.
    28 | D        | Found an ornate altar of the Wu Jian Council.
    28 | D        | Found a sacrificial altar of Ru.
    28 | D        | Found a stormy altar of Qazlal.
    28 | D        | Found an iron altar of Okawaru.
    28 | D        | Found a sparkling altar of Nemelex Xobeh.
    28 | D        | Found a burning altar of Makhleb.
    28 | D        | Found a blossoming altar of Fedhas.
    28 | D        | Found a white marble altar of Elyvilon.
    28 | D        | Found a shadowy altar of Dithmenos.
    28 | D        | Found a snail-covered altar of Cheibriados.
    31 | D        | Found a corrupted altar of Lugonu.
    31 | D        | Found a radiant altar of Vehumet.
    32 | D        | Found an ancient bone altar of Kikubaaqudgha.
    32 | D        | Found a hide-covered altar of Uskayaw.
    32 | D        | Found a broken altar of Ashenzari.
    33 | D        | Became a worshipper of Sif Muna the Loreminder
    69 | D        | Reached skill level 1 in Invocations
    71 | D        | Reached skill level 1 in Air Magic
    75 | D        | Noticed a floating eye
    78 | D        | Paralysed by a floating eye for 3 turns
    84 | D        | Paralysed by a floating eye for 2 turns
    85 | D        | Reached * piety under Sif Muna
    93 | D        | Paralysed by a floating eye for 4 turns
    99 | D        | Paralysed by a floating eye for 3 turns
   107 | D        | Killed a floating eye
   108 | D        | Reached skill level 6 in Spellcasting
   108 | D        | Reached skill level 5 in Fire Magic
   108 | D        | Reached XP level 2. HP: 15/15 MP: 3/11
   108 | D        | Reached XP level 3. HP: 19/19 MP: 3/12
   108 | D        | Reached XP level 4. HP: 24/24 MP: 3/14
   373 | D        | Reached ** piety under Sif Muna
   400 | D        | Reached XP level 5. HP: 28/28 MP: 16/16
   584 | D        | Learned a level 2 spell: Scorch
   588 | D        | Learned a level 3 spell: Inner Flame
   592 | D        | Learned a level 3 spell: Volatile Blastmotes
   597 | D        | Learned a level 4 spell: Flame Wave
   600 | D        | Noticed an ice beast
   601 | D        | Noticed an ice beast
   627 | D        | Reached skill level 5 in Conjurations
   629 | D        | Reached *** piety under Sif Muna
   630 | D        | Reached skill level 7 in Spellcasting
   630 | D        | Reached skill level 5 in Invocations
   644 | D        | Reached skill level 5 in Air Magic
   647 | D        | Slain by a gnoll

Illustrated notes

Levels and vault maps discovered:
D:        pitsprint [storerooms_1, entrance_room_1, metal_vault_6, armoury_2,
          mini_pit_1, grid_room_1, main_hall_1, silver_pit, the_coven_2,
          the_vestibule_1, steel_vault_3, golden_pit, hallway_of_sentries,
          crystal_vault_2, iron_vault_3, final_vault]

Skill      XL: |  1  2  3  4  5 |
---------------+----------------+-----
Invocations    | 4 5 |  5.6
Air Magic      | 3 4 5 |  5.1
Conjurations   | 4 5 |  5.8
Spellcasting   | 6 7 |  7.6
Fire Magic     | 5 6 |  6.7
Dodging        | |  2.4
Stealth        | |  2.4

Action                     |  1- 3 |  4- 6 || total
---------------------------+-------+-------++-------
  Melee: Unarmed           |    12 |       ||    12
         Quarterstaff      |       |    13 ||    13
   Cast: Foxfire           |     8 |     9 ||    17
         Volatile Blastmot |       |     1 ||     1
    Use: Potion            |       |     2 ||     2
 Armour: Robe              |     2 |     1 ||     3
  Dodge: Dodged            |     2 |     6 ||     8

Table legend: (Time is in decaauts)
 A = Elapsed time spent in this place.
 B = Non-inter-level travel time spent in this place.
 C = Inter-level travel time spent in this place.
 D = Time resting spent in this place.
 E = Time spent auto-exploring this place.
 F = Levels seen in this place.
 G = Mean time per level.
                   A        B        C        D        E       F      G
               +--------+--------+--------+--------+--------+-----+--------+
         Total |    650 |    632 |     18 |    374 |      0 |   1 |  650.0 |
       Dungeon |    650 |    632 |     18 |    374 |      0 |   1 |  650.0 |
               +--------+--------+--------+--------+--------+-----+--------+

Top non-repeatable levels by time:
       D: 650 daAuts
